 Dungeon Crawl Stone Soup version 0.30-a0-739-gea05faddec (webtiles) character file.

Game seed: 9581277653888077241

942 ASSMAN the Trooper (level 7, -2/57 HPs)
             Began as a Demonspawn Cinder Acolyte on Feb 5, 2023.
             Was a High Priest of Ignis.
             Slain by Duvessa
             ... wielding a +0 short sword
              (6 damage)
             ... on level 5 of the Dungeon.
             The game lasted 00:13:49 (5085 turns).

ASSMAN the Trooper (Demonspawn Cinder Acolyte)      Turns: 5085, Time: 00:13:50

Health: -2/57      AC: 11    Str: 16    XL:     7   Next: 88%
Magic:  1/11       EV: 11    Int: 21    God:    Ignis [*****.]
Gold:   205        SH:  0    Dex:  9    Spells: 10/12 levels left

rFire   + + .      SeeInvis .      - Unarmed
rCold   x . .      Faith    .    (no shield)
rNeg    . . .      Spirit   .    m - +2 robe {Will+}
rPois   .          Reflect  .    (helmet restricted)
rElec   .          Harm     .    (no cloak)
rCorr   .          Rampage  .    (no gloves)
Will    +....                    i - +0 pair of boots
Stlth   +                        (no amulet)
HPRegen 0.29/turn                c - +6 ring of intelligence
MPRegen 0.12/turn                p - ring of fire

@: sanguine armoured, invisible
A: horns 1, sanguine armour 1
a: Renounce Religion, Fiery Armour, Foxfire Swarm, Rising Flame


You were on level 5 of the Dungeon.
You worshipped Ignis.
Ignis was extremely pleased with you.
You visited 1 branch of the dungeon, and saw 5 of its levels.

You collected 205 gold pieces.

Inventory:

Armour
 i - a +0 pair of boots (worn)
 m - a +2 robe of willpower (worn)
Jewellery
 c - a +6 ring of intelligence (left hand)
 h - a +4 ring of slaying
 p - a ring of fire (right hand)
Scrolls
 b - 3 scrolls of amnesia
 d - 2 scrolls of identify
 l - 3 scrolls of fog
 o - a scroll of silence {unknown}
 q - a scroll of magic mapping
 t - a scroll of enchant weapon {unknown}
Potions
 g - 2 potions of mutation
 k - a potion of magic
 n - a potion of attraction
 r - 2 potions of flight {unknown}
 s - 2 potions of degeneration {unknown}


   Skills:
 + Level 5.7 Fighting
 - Level 5.0 Unarmed Combat
 + Level 3.1 Spellcasting
 + Level 5.2 Fire Magic


You had 10 spell levels left.
You knew the following spells:

 Your Spells              Type           Power      Damage    Failure   Level
a - Scorch                Fire           74%        2d8       2%          2

Your spell library contained the following spells:

 Spells                   Type           Power      Damage    Failure   Level
 Inner Flame              Hex/Fire       21%        N/A       14%         3
 Stone Arrow              Conj/Erth      6%         3d7       36%         3
 Flame Wave               Conj/Fire      21%        2d8       41%         4
 Sticky Flame             Conj/Fire      21%        2d4       41%         4
 Animate Armour           Summ/Erth      6%         N/A       78%         4
 Lehudib's Crystal Spear  Conj/Erth      1%         10d2      100%        8


Dungeon Overview and Level Annotations

Branches:
Dungeon (5/15)             Temple (0/1) D:5

Altars:
Qazlal
Uskayaw

Annotations:
D:5 Duvessa


Innate Abilities, Weirdness & Mutations

You have a pair of small horns on your head.
When seriously injured, your blood forms armour. (AC +6)


Message History

You feel better. Duvessa misses you.
Okay, then.
Duvessa barely misses you.
Duvessa rages.
Duvessa barely misses you.
You see here a throwing net.
a - a throwing net Duvessa barely misses you.
Throw: throwing net
Press: ? - help, Q - select action, (/) - cycle Shift-Dir - straight line, f/p - Duvessa
Aim: Duvessa, wielding a +0 short sword and wearing a +0 leather armour (lightly wounded, berserk, fast, unable to see you, 60% to hit)
You throw a throwing net. The throwing net hits Duvessa.
Duvessa is caught in the net!
Duvessa is lightly wounded.
Duvessa struggles against the net. x2
Duvessa struggles against the net.
Duvessa struggles against the net.
The net rips apart, and Duvessa comes free!
Casting: Scorch (safe; 2% risk of failure)
Confirm with . or Enter, or press ? or * to list all spells.
You feel a surge of power!
Flames lash Duvessa.
Duvessa is moderately wounded.
Duvessa's fire resistance burns away.
Casting: Scorch (safe; 2% risk of failure)
Confirm with . or Enter, or press ? or * to list all spells.
You feel a surge of power!
Flames lash Duvessa.
Duvessa is burned terribly!
Duvessa is heavily wounded.
Duvessa closely misses you. Duvessa hits you with a +0 short sword!
* * * LOW HITPOINT WARNING * * *
Casting: Scorch (safe; 2% risk of failure)
Confirm with . or Enter, or press ? or * to list all spells.
You don't have enough magic to cast this spell.
Unknown command.
Duvessa hits you with a +0 short sword.
* * * LOW HITPOINT WARNING * * *
Duvessa closely misses you.
You see here an iguana skeleton.
Duvessa hits you but does no damage. Duvessa hits you with a +0 short sword.
You die...

##.#.#..)....~..............#.#*
*#.g###.)..................o.###
#..#####).................l....
##...#*#.............#.........
#.###..#......รท([..###.#....##
###########.......[[.## ##.....##
.......#.###........## #...##..#
,.........##...e.....####..####.#
****#......####.@.....##.[## ##.#
* ##....##.# #...###..#..####.##
#...#..### ##.##*#.###..##..#
##.#####.## #.###...##.#..###
##.## ##.## #.)..###.###### ##.##
#..# ##....#*## * #.## ##.#
#(...# *# .## ######.# ##....##
***. ##
##..##..###......#####***,,*


You could see Duvessa (berserk, fast, unable to see you, combustible).

Vanquished Creatures
  Edmund (D:5)
  An ogre (D:4)
  3 scorpions
  Dowan (D:5)
  An orc priest (D:5)
  2 hounds (D:4)
  A gnoll bouda (D:4)
  Jessica (D:3)
  3 iguanas
  2 orc wizards (D:5)
  8 adders
  8 gnolls
  A white imp (D:4)
  An ufetubus (D:4)
  3 worms
  5 dart slugs
  3 orcs (D:5)
  7 endoplasms
  3 giant cockroaches
  12 goblins
  3 hobgoblins
  4 jackals (D:4)
  2 quokkas (D:1)
  6 ball pythons
  6 bats
  11 kobolds
  7 rats
106 creatures vanquished.

Vanquished Creatures (others)
  An orc (D:4)
  15 foxfires (D:5)
16 creatures vanquished.

Grand Total: 122 creatures vanquished

Notes
Turn   | Place    | Note
-------+----------+-------------------------------------------
     0 | D:1      | ASSMAN the Demonspawn Cinder Acolyte began the quest for
                  | the Orb.
     0 | D:1      | Reached XP level 1. HP: 18/18 MP: 2/2
   322 | D:1      | Gained mutation: When seriously injured, your blood forms
                  | armour. (AC +6) [demonic ancestry]
   322 | D:1      | Reached XP level 2. HP: 22/24 MP: 3/3
   376 | D:1      | Learned a level 2 spell: Scorch
  1100 | D:2      | Reached XP level 3. HP: 18/29 MP: 1/4
  1752 | D:2      | Gained mutation: You have a pair of small horns on your
                  | head. [demonic ancestry]
  1752 | D:2      | Reached XP level 4. HP: 37/37 MP: 2/5
  1887 | D:2      | Found a faded altar of an unknown god.
  2420 | D:3      | Noticed Jessica
  2447 | D:3      | Killed Jessica
  2521 | D:3      | Reached XP level 5. HP: 42/42 MP: 6/6
  3169 | D:4      | Reached XP level 6. HP: 17/49 MP: 0/7
  3364 | D:4      | Found a hide-covered altar of Uskayaw.
  3368 | D:4      | Noticed a +0 dagger
  3369 | D:4      | Noticed a +0 falchion
  3369 | D:4      | Noticed a +0 short sword
  3369 | D:4      | Noticed a +0 dagger
  3374 | D:4      | Noticed a +0 short sword
  3374 | D:4      | Noticed a +0 spear
  3374 | D:4      | Noticed a +0 spear
  3375 | D:4      | Noticed a +0 falchion
  3995 | D:4      | Reached skill level 5 in Fighting
  3995 | D:4      | Reached XP level 7. HP: 56/56 MP: 2/10
  4378 | D:5      | Entered Level 5 of the Dungeon
  4531 | D:5      | Noticed Edmund
  4537 | D:5      | Killed Edmund
  4710 | D:5      | Reached skill level 5 in Unarmed Combat
  4710 | D:5      | Found a stormy altar of Qazlal.
  4715 | D:5      | Reached skill level 5 in Fire Magic
  4737 | D:5      | Noticed Duvessa
  5047 | D:5      | Noticed Dowan
  5054 | D:5      | Killed Dowan
  5079 | D:5      | HP: 2/57 [Duvessa/+0 short sword (3)]
  5085 | D:5      | Slain by Duvessa

Illustrated notes

Levels and vault maps discovered:
D:1:      psy_arrival_dodecagon, layout_basic, serial_forest,
          infiniplex_forest_clump_curved, infiniplex_forest_lined_room_,
          infiniplex_forest_clump_double, infiniplex_forest_straight_4
D:2:      layout_basic, ebering_ecumenical_altar_webs
D:3:      layout_basic, minmay_misc_feat_pillars, uniq_jessica
D:4:      layout_basic, nicolae_uskayaw_en_pointe, st_stairs_5
D:5:      layout_layer_cave, nicolae_vehumet_radiance,
          nicolae_qazlal_scattered_showers, minmay_temple_entry_from_below_b,
          uniq_edmund, uniq_duvessa

Skill      XL: |  1  2  3  4  5  6  7 |
---------------+----------------------+-----
Unarmed Combat | 3 4 5 |  5.0
Fire Magic     | 3 4 5 |  5.2
Fighting       | 4 5 |  5.7
Spellcasting   | 2 3 |  3.1

Action                     |  1- 3 |  4- 6 |  7- 9 || total
---------------------------+-------+-------+-------++-------
  Melee: Unarmed           |    72 |   104 |    35 ||   211
         Headbutt          |       |    19 |     7 ||    26
         Punch             |       |     1 |     1 ||     2
  Throw: Throwing net      |       |     4 |     2 ||     6
   Cast: Scorch            |    25 |    35 |    30 ||    90
 Invoke: Foxfire Swarm     |       |       |     1 ||     1
    Use: Scroll            |     5 |       |     6 ||    11
         Potion            |       |     1 |     4 ||     5
 Armour: Robe              |    23 |    29 |    37 ||    89
  Dodge: Dodged            |    52 |    52 |    42 ||   146

Table legend: (Time is in decaauts)
 A = Elapsed time spent in this place.
 B = Non-inter-level travel time spent in this place.
 C = Inter-level travel time spent in this place.
 D = Time resting spent in this place.
 E = Time spent auto-exploring this place.
 F = Levels seen in this place.
 G = Mean time per level.
                   A        B        C        D        E       F      G
               +--------+--------+--------+--------+--------+-----+--------+
         Total |   5078 |   4954 |    124 |    752 |   3395 |   5 | 1015.6 |
       Dungeon |   5078 |   4954 |    124 |    752 |   3395 |   5 | 1015.6 |
               +--------+--------+--------+--------+--------+-----+--------+

Top non-repeatable levels by time:
     D:4: 1654 daAuts
     D:1: 1157 daAuts
     D:2: 1004 daAuts
     D:3: 765 daAuts
     D:5: 497 daAuts
